 Dungeon Crawl Stone Soup version 0.31-a0-771-g505c3d19dc (webtiles) character file.

Game seed: 1134182062470673378

39 cforsyth the Sneak (level 3, -1/21 (31) HPs)
             Began as a Djinni Delver on Sept 16, 2023.
             Slain by Blork the orc
             ... wielding a +0 glaive
              (12 damage)
             ... on level 4 of the Dungeon.
             The game lasted 00:00:41 (373 turns).

cforsyth the Sneak (Djinni Delver)                   Turns: 373, Time: 00:00:42

HP:   -1/21 (31)    AC:  3    Str: 11    XL:     3   Next: 67%
Gold: 0             EV: 12    Int: 13    God:
                    SH:  0    Dex: 14

rFire   + + .        j - +1 dagger (venom)
rCold   x . .        (no shield)
rNeg    . . .        b - +0 leather armour
rPois   ∞            (no helmet)
rElec   .            (no cloak)
rCorr   .            (no gloves)
SInv    .            (boots unavailable)
Will    .....        (no amulet)
Stlth   ++           (no ring)
HPRegen 0.23/turn    (no ring)
MPRegen 0.00/turn

%: infuse magic (-2 HP)
@: flying, very heavily drained
A: sickness immunity, fire resistance 2, cold vulnerability 1, float, innate
caster, HP casting, extra vitality 1
a: no special abilities


You were on level 4 of the Dungeon.
You visited 1 branch of the dungeon, and saw 2 of its levels.

Inventory:

Hand Weapons
 a - a +0 falchion
 j - a +1 dagger of venom (weapon)
Armour
 b - a +0 leather armour (worn)
Wands
 g - a wand of digging (3)
Scrolls
 c - a scroll of fog
 d - a scroll of revelation
 e - a scroll of fear
 h - a scroll of noise {unknown}
 k - a scroll of identify {unknown}
Potions
 f - a potion of haste
 i - 2 potions of brilliance {unknown}


   Skills:
 + Level 3.7 Fighting
 - Level 1.7 Long Blades
 - Level 2.1 Dodging
 - Level 4.1 Stealth
 + Level 1.3 Spellcasting
 + Level 1.3 Conjurations
 + Level 1.3 Hexes
   Level 0.0 Charms
 + Level 1.3 Summonings
 + Level 1.3 Necromancy
 + Level 1.3 Translocations
 + Level 1.3 Transmutations
 + Level 1.3 Fire Magic
 + Level 1.3 Ice Magic
 + Level 1.3 Air Magic
 + Level 1.3 Earth Magic
 + Level 1.3 Poison Magic


You knew the following spells:

 Your Spells              Type           Power      Damage    Failure   Level
a - Kiss of Death         Conj/Necr      16%        2d6       22%         1
Your spell library was empty.

Dungeon Overview and Level Annotations

Branches:
Dungeon (5/15)
 Temple: D:4-7

Altars:

Annotations:
D:4 exclusion: statue, Blork the orc


Innate Abilities, Weirdness & Mutations

You are immune to sickness and miasma.
You are immune to poison.
Your flesh is very heat resistant. (rF++)
You are vulnerable to cold. (rC-)
You float through the air rather than walking.
You learn spells naturally, not from books.
Your magical power is your life essence.
You have superior vitality. (+4 MHP)


Message History

Blork the orc comes into view.
He is wielding a +0 glaive and wearing a +2 robe of positive energy.
Blork the orc is nearby!
Blork the orc is nearby!
Blork the orc shouts!
Blork the orc casts a spell at you. The puff of flame hits you. You resist.
Blork the orc casts a spell at you. The magic dart hits you!
Blork the orc casts a spell.
Blork the orc seems to speed up.
Blork the orc gestures at you while chanting.
The puff of flame hits you. You resist.
Blork the orc points at you and mumbles some strange words.
The puff of frost hits you.
You feel a terrible chill!
You start resting.
Blork the orc is nearby!
Blork the orc hits you with a +0 glaive.
Casting: Kiss of Death (safe; 22% risk of failure)
Confirm with . or Enter, or press ? or * to list all spells.
Aiming: Kiss of Death (safe; 22% risk of failure)
Press: ? - help, Shift-Dir - straight line, f - Blork the orc
Aim: Blork the orc, wielding a +0 glaive and wearing a +2 robe of positive energy (fast, 100% to hit)
The negative energy hits Blork the orc.
Blork the orc resists.
Blork the orc is drained!
Blork the orc is moderately wounded.
You feel drained.
Blork the orc screams, "I'll cover the dungeon with your blood!"
Blork the orc barely misses you. Blork the orc closely misses you.
Casting: Kiss of Death (safe; 22% risk of failure)
Confirm with . or Enter, or press ? or * to list all spells.
Aiming: Kiss of Death (safe; 22% risk of failure)
Press: ? - help, Shift-Dir - straight line, f/p - Blork the orc
Aim: Blork the orc, wielding a +0 glaive and wearing a +2 robe of positive energy (moderately wounded, fast, heavily drained, 100% to hit)
The negative energy hits Blork the orc.
Blork the orc resists.
Blork the orc is drained!
Blork the orc is heavily wounded.
You feel drained.
Blork the orc hits you with a +0 glaive!
Ouch! That really hurt!
You die...

....#
#.#......#####.####.#.##..
....# #.#......# #.# #.#...
)...# #.#......#####.####.#.#
##.## #.#...................#
#.# #.#........#########..#
#.# #.####.....# .....#..# .
#.# #.# #......# 8._......#
##. ##.# #.# #......#
......#..# #..
...####.###.....@#########..#
#..
.................o..........#
#..
.....##.###.....#########...#
#.. .....##.# #.....
#.#.###.. #....##.###.....
#.#...... #....##..##.....
..#...... #....###.#######
...#.#..o. #....# #.....#
....#.#.### ###.##
#.....########.....#:#.#


You could see Blork the orc (fast, very drained).

Vanquished Creatures
  A hound (D:4)
  A ball python (D:4)
  A goblin (D:4)
  A hobgoblin (D:4)
  A quokka (D:4)
  2 kobolds (D:4)
7 creatures vanquished.

Notes
Turn   | Place    | Note
-------+----------+-------------------------------------------
     0 | D:5      | cforsyth the Djinni Delver began the quest for the Orb.
     0 | D:5      | Reached XP level 1. HP: 20/20 MP: 0/0
    95 | D:4      | Noticed a hound
    99 | D:4      | Reached XP level 2. HP: 16/25 MP: 0/0
   106 | D:4      | Reached skill level 1 in Spellcasting
   106 | D:4      | Reached skill level 1 in Conjurations
   106 | D:4      | Reached skill level 1 in Hexes
   106 | D:4      | Reached skill level 1 in Summonings
   106 | D:4      | Reached skill level 1 in Necromancy
   106 | D:4      | Reached skill level 1 in Translocations
   106 | D:4      | Reached skill level 1 in Transmutations
   106 | D:4      | Reached skill level 1 in Fire Magic
   106 | D:4      | Reached skill level 1 in Ice Magic
   106 | D:4      | Reached skill level 1 in Air Magic
   106 | D:4      | Reached skill level 1 in Earth Magic
   106 | D:4      | Reached skill level 1 in Poison Magic
   106 | D:4      | Reached XP level 3. HP: 7/31 MP: 0/0
   106 | D:4      | Learned a level 1 spell: Kiss of Death
   339 | D:4      | Noticed a frost-covered statue
   349 | D:4      | Noticed an ice beast
   350 | D:4      | Noticed Blork the orc
   373 | D:4      | Slain by Blork the orc

Illustrated notes

Levels and vault maps discovered:
D:4:      layout_basic, vehumet_statue, nicolae_ru_great_annihilating_truth,
          nzn_wu_jian_contemplation, gammafunk_ghost_icy, grunt_tough_drop,
          uniq_blork_the_orc
D:5:      layout_rooms

Skill      XL: |  1  2 |
---------------+-------+-----
Spellcasting   | 1 |  1.3
Conjurations   | 1 |  1.3
Hexes          | 1 |  1.3
Summonings     | 1 |  1.3
Necromancy     | 1 |  1.3
Translocations | 1 |  1.3
Transmutations | 1 |  1.3
Fire Magic     | 1 |  1.3
Ice Magic      | 1 |  1.3
Air Magic      | 1 |  1.3
Earth Magic    | 1 |  1.3
Poison Magic   | 1 |  1.3
Fighting       | |  3.7
Long Blades    | |  1.7
Dodging        | |  2.1
Stealth        | |  4.1

Action                     || total
---------------------------++-------
  Melee: Falchion          ||    36
   Cast: Kiss of Death     ||     2
 Armour: Leather armour    ||    30
  Dodge: Dodged            ||    26

Table legend: (Time is in decaauts)
 A = Elapsed time spent in this place.
 B = Non-inter-level travel time spent in this place.
 C = Inter-level travel time spent in this place.
 D = Time resting spent in this place.
 E = Time spent auto-exploring this place.
 F = Levels seen in this place.
 G = Mean time per level.
                   A        B        C        D        E       F      G
               +--------+--------+--------+--------+--------+-----+--------+
         Total |    380 |    380 |      0 |    198 |     81 |   2 |  190.0 |
       Dungeon |    380 |    380 |      0 |    198 |     81 |   2 |  190.0 |
               +--------+--------+--------+--------+--------+-----+--------+

Top non-repeatable levels by time:
     D:4: 376 daAuts
     D:5: 4 daAuts
